Unix NetHack Version 5.0.0-0 post-release - last build May 10 2026 23:12:36 (d1fa5d53e341ca933230fdaa984d921c805b60aa,branch:main).

Game began 2026-05-14 02:56:01, ended 2026-05-15 00:05:18.

Gary, lawful male human Samurai

                                          --------
                              ------------->.|...|
                              |...........[......|
                              |[-----------..|..-|
                              |.....|--...|v.|...|
                              |`....|-...-.).|...|
                              |.....|.......--...|
                              |..<..|.-.|..-..|)-|
                              |.....|0..|0....|..|
                              |.....|.-0|..-.....|
                              |.....|...|........|
                              --------------------

Gary the Ninja         St:18/01 Dx:14 Co:17 In:9 Wi:12 Ch:7  Lawful S:32072
Dlvl:5  $:0  HP:0(70) Pw:23(31) AC:3  Xp:8/2454 T:11435  Satiated

Latest messages:
 You see here a shito.
 You descend the stairs.
 There are several objects here.
 E - 2 cloves of garlic.
 w - 2 tripe rations.
 m - 3 unlabeled scrolls.
 N - a scroll of create monster.
 L - a cyan potion.
 O - 2 uncursed candles.
 What do you want to use or apply? [bhksuvxBHOUYZ or ?*] b
 You put a mummy wrapping into the bag called holding.
 You put 3 unlabeled scrolls into the bag called holding.
 You put a scroll of create monster into the bag called holding.
 You put a cyan potion into the bag called holding.
 You are empty handed.
 a - a +0 katana (alternate weapon; not wielded).
 What do you want to wield? [- acdu or ?*] c
 c - a +0 yumi (weapon in right hand).
 a - a +0 katana (weapon in right hand).
 c - a +0 yumi (alternate weapon; not wielded).
 Some text has been burned into the floor here.
 You read: "x".
 There are many objects here.
 Click!  You trigger a rolling boulder trap!
 No boulder was released.
 The energy vortex engulfs you!
 You feel your magical energy drain away.
 You get expelled!
 You hit the energy vortex!
 You are jolted with electricity!
 The energy vortex touches you!
 You avoid harm.
 The energy vortex misses!
 The energy vortex touches you!
 You avoid harm.
 The energy vortex misses!
 You hit the energy vortex.
 You are jolted with electricity!
 The energy vortex engulfs you!
 The air around you crackles with electricity.
 You feel your magical energy drain away.
 The air around you crackles with electricity.
 What do you want to use or apply? [bhksuvxBHOUYZ or ?*] s
 In what direction?
 Status of the energy vortex (neutral, huge):  Level 8  HP 18(36)  AC 2, engulfing you.
 What do you want to zap? [hxHUY or ?*] U
 In what direction?
 The bolt of cold rips into the energy vortex!
 The air around you crackles with electricity.
 You die...

Inventory:
 Weapons  (')')
  d - 19 +0 ya
  c - a +0 yumi (alternate weapon; not wielded)
  a - a +0 katana (weapon in right hand)
 Armor    ('[')
  C - an uncursed thoroughly burnt +0 elven leather helm (being worn)
  n - an uncursed burnt +0 pair of yugake (being worn)
  q - an uncursed +0 pair of iron shoes (being worn)
  W - an uncursed thoroughly burnt +0 cloak of magic resistance (being worn)
  y - an uncursed +0 elven mithril-coat (being worn)
 Comestibles  ('%')
  E - 2 uncursed cloves of garlic
  w - 2 uncursed tripe rations
 Potions  ('!')
  J - a blessed potion of healing
  K - 3 cursed potions of healing
 Rings    ('=')
  S - a cursed ring of aggravate monster
  o - a blessed +1 ring of gain constitution
  r - an uncursed +0 ring of gain strength
  P - an uncursed ring of poison resistance
  G - an uncursed ring of polymorph control
  D - an uncursed ring of stealth
  Q - a cursed ring of warning
 Wands    ('/')
  x - a wand of cancellation (0:5)
  U - a blessed wand of cold (0:0)
  h - a wand of digging (0:2)
  H - a wand of lightning (0:0)
  Y - a blessed wand of magic missile (0:7)
 Tools    ('(')
  b - an uncursed bag of holding containing 30 items
  v - an empty uncursed sack
  B - an uncursed blindfold
  Z - an uncursed oil lamp
  k - an uncursed skeleton key
  s - an uncursed stethoscope
  u - a +0 unicorn horn
  O - 2 uncursed wax candles

Contents of the bag of holding:
  3728 gold pieces
  an uncursed +0 mummy wrapping
  an uncursed gunyoki
  an uncursed K-ration
  5 uncursed scrolls of blank paper
  an uncursed scroll of create monster
  an uncursed scroll of earth
  a cursed scroll of earth
  a blessed scroll of enchant weapon
  an uncursed scroll of enchant weapon
  an uncursed scroll of food detection
  an uncursed scroll of teleportation
  a blessed potion of extra healing
  3 uncursed potions of extra healing
  an uncursed potion of gain ability
  a cursed potion of levitation
  a blessed potion of monster detection
  a cursed potion of restore ability
  2 uncursed potions of sleeping
  an uncursed potion of speed
  2 cursed potions of speed
  a wand of striking (0:3)
  an uncursed koto
  a magic marker (0:36)
  an uncursed partly used tallow candle
  an uncursed worthless piece of black glass
  3 uncursed worthless pieces of green glass
  3 uncursed worthless pieces of red glass
  3 uncursed worthless pieces of violet glass
  an uncursed touchstone

Gary the Samurai's attributes:

Background:
 You were a Ninja, a level 8 male human Samurai.
 You were lawful, on a mission for Amaterasu Omikami
 who was opposed by Raijin (neutral) and Susanowo (chaotic).
 You were right-handed.
 You were in Sokoban, on level 5.
 You entered the dungeon 11435 turns ago.
 It was the midnight hour.
 You had 2454 experience points, 106 more were needed to attain level 9.
 Your score was 32072 before end-of-game adjustments.

Basics:
 You had 0 out of 70 hit points.
 You had 23 out of 31 energy points (spell power).
 Your armor class was 3.
 Your wallet was empty, but
 you had 3728 zorkmids stashed away in your pack.
 Autopickup was on for '$' plus thrown.

Final Characteristics:
 Your strength was 18/01 (peak:18/02, limit:18/100).
 Your dexterity was 14 (peak:16, limit:18).
 Your constitution was 17 (peak:18, limit:18).
 Your intelligence was 9 (limit:18).
 Your wisdom was 12 (limit:18).
 Your charisma was 7 (limit:18).

Final Status:
 You were engulfed by the energy vortex.
 You were satiated.
 You were unencumbered.
 You were wielding a long sword.
 You had basic skill with long sword and could have enhanced that.

Final Attributes:
 You were piously aligned.
 You were magic-protected.
 You were cold resistant.
 You were sleep resistant.
 You were telepathic.
 You were guarded.
 You were fast.
 You are dead (2nd time!).

Miscellaneous:
 You didn't encounter any bones levels.
 Total elapsed playing time was 3 hours, 28 minutes and 31 seconds.

Major events:
 Turn
    1: Gary the lawful male human Samurai entered the dungeon
 1050: attained the rank of Ronin (level 3)
 2269: attained the rank of Ninja (level 6)
 3674: entered the Gnomish Mines
 3962: reached Mine Town
 5058: entered Sokoban
 5300: completed 1st Sokoban level
 5723: completed 2nd Sokoban level
 6408: completed 3rd Sokoban level
 7297: completed 4th Sokoban level
 9900: attained the rank of Joshu (level 10)
11071: averted death (killed by a zruty)
11346: acquired the Sokoban bag of holding
11435: killed by an energy vortex

You didn't know any spells.

Skills:
 Fighting Skills
   martial arts      [Basic]
   two weapon combat [Unskilled]
   riding            [Unskilled]
 Weapon Skills
   dagger            [Unskilled]
   knife             [Unskilled]
   short sword       [Basic]
   broadsword        [Unskilled]
   long sword        [Basic]
   two-handed sword  [Unskilled]
   saber             [Unskilled]
   flail             [Unskilled]
   quarterstaff      [Unskilled]
   polearms          [Unskilled]
   spear             [Unskilled]
   lance             [Unskilled]
   bow               [Basic]
   shuriken          [Unskilled]
 Spellcasting Skills
   attack spells     [Unskilled]
   divination spells [Unskilled]
   clerical spells   [Unskilled]

Voluntary challenges:
 Character rerolling was not enabled.
 You never genocided any monsters.
 You never polymorphed an object.
 You never changed form.
 You used no wishes.
 You did not violate any of the special Sokoban rules.
Achievements:
 You entered a shop.
 You attained the rank of Ronin.
 You attained the rank of Ninja.
 You entered the Gnomish Mines.
 You entered Minetown.
 You entered a temple.
 You entered Sokoban.
 You attained the rank of Joshu.
 You completed Sokoban.

 The Dungeons of Doom: levels 1 to 10
    Level 1:
       A fountain.
    Level 2:
       A scroll shop.
    Level 3:
       A general store, a grave.
       Stairs down to The Gnomish Mines.
    Level 4:
       A general store.
    Level 5:
    Level 6: "stash"
    Level 7:
       Many fountains.
       Oracle of Delphi.
    Level 8:
       A general store, a fountain.
       Stairs up to Sokoban, level 7.
    Level 9:
       A fountain.
    Level 10:
       A fountain.
 The Gnomish Mines: levels 4 to 6
    Level 4:
    Level 5:
    Level 6:
       Many shops, a temple and an altar, some fountains.
 Sokoban: levels 7 up to 4
    Level 4:
       Solved.
    Level 5: <- You were here.
       Solved.
       Final resting place for
          you, killed by an energy vortex.
    Level 6:
       Solved.
    Level 7:
       Solved.


Vanquished creatures:
  2 giant mimics
  3 long worms
  a zruty
  a large mimic
  a stalker
 an earth elemental
  a water elemental
  a giant mummy
  2 wargs
  6 small mimics
  3 xans
  2 ogre leaders
  a quantum mechanic
  2 trolls
  2 gelatinous cubes
  2 pyrolisks
  a freezing sphere
  2 shocking spheres
  2 gargoyles
 an ochre jelly
  2 leocrottas
  2 ettin zombies
  4 soldiers
  a chameleon
  a crocodile
  a giant beetle
  2 quivering blobs
  a gremlin
  3 leprechauns
  3 orc-captains
  a scorpion
 an ice vortex
  a black light
  a vampire bat
  a forest centaur
  a gnome ruler
  3 orc mummies
  2 ogres
 an owlbear
  a yeti
  3 Green-elves
  a housecat
  a jaguar
  a blue jelly
  2 black unicorns
  2 dust vortices
  a raven
  a snake
  4 apes
  2 human zombies
  a rope golem
  a Woodland-elf
  4 quasits
  6 Mordor orcs
 an orc shaman
  a rock piercer
  a rock mole
  3 ponies
  7 fog clouds
  a yellow light
  2 shriekers
  a violet fungus
  4 gnome leaders
  2 gnomish wizards
  a kobold mummy
  2 barrow wights
  a ghoul
  2 paper golems
  5 giant ants
  3 little dogs
  3 floating eyes
  a kitten
  4 dwarves
  2 homunculi
  2 kobold leaders
  a kobold shaman
  3 rothes
  a rabid rat
  3 giant bats
 an orc zombie
  3 dwarf zombies
  a wererat
  2 werejackals
  5 iguanas
  4 killer bees
  2 acid blobs
  2 coyotes
  2 gas spores
  a hobbit
  6 manes
  a hobgoblin
  3 giant rats
  a cave spider
  a brown mold
  a yellow mold
 13 gnomes
  2 garter snakes
  6 geckos
  a jackal
  2 foxes
  a kobold
  2 goblins
  a sewer rat
  5 grid bugs
  6 lichens
  a kobold zombie
  6 newts
239 creatures vanquished.

No species were genocided or became extinct.

Game over:
                       ----------
                      /          \
                     /    REST    \
                    /      IN      \
                   /     PEACE      \
                  /                  \
                  |       Gary       |
                  |     3728 Au      |
                  |   killed by an   |
                  |  energy vortex   |
                  |                  |
                  |                  |
                  |       2026       |
                 *|     *  *  *      | *
        _________)/\\_//(\/(/\)/\//\/|_)_______

Sayonara Gary the Samurai...

You died in Sokoban on dungeon level 5 with 31700 points,
and 3728 pieces of gold, after 11435 moves.
You were level 8 with a maximum of 70 hit points when you died.

